 Dungeon Crawl Stone Soup version 0.22.1-2-g9c5b331 (webtiles) character file.

49 Malhgor the Insei (level 3, 0/26 HPs)
             Began as a Barachi Transmuter on Jan 5, 2019.
             Slain by a hound (6 damage)
             ... on level 2 of the Dungeon.
             The game lasted 00:05:55 (2066 turns).

Malhgor the Insei (Barachi Transmuter)              Turns: 2066, Time: 00:05:56

Health: 0/26       AC:  2    Str: 11    XL:     3   Next: 75%
Magic:  14/15      EV: 11    Int: 14    God:
Gold:   60         SH:  0    Dex: 12    Spells: 2/6 levels left

rFire    . . .     SeeInvis .     - Unarmed
rCold    . . .     Gourm    .   (no shield)
rNeg     . . .     Faith    .   c - +0 robe (curse)
rPois    .         Spirit   .   (no helmet)
rElec    .         Reflect  .   (no cloak)
rCorr    +         Harm     .   (no gloves)
MR       .....                  (no boots)
Stlth    +.........             (no amulet)
HPRegen  0.08/turn              f - ring of resist corrosion
MPRegen  0.14/turn              j - ring of magical power

@: appendage (expiring), very slightly contaminated, heavily drained, slow
A: +LOS, swims, horns 2, slowness 1, strong legs 1
a: Hop, End Transformation


You were on level 2 of the Dungeon.
You were not hungry.
You had grown temporary horns.
You visited 1 branch of the dungeon, and saw 2 of its levels.

You collected 60 gold pieces.

Inventory:

Missiles
 a - 37 arrows
 k - 37 stones (quivered)
Armour
 c - a cursed +0 robe (worn)
Jewellery
 f - a ring of resist corrosion (left hand)
 j - a ring of magical power (right hand)
Scrolls
 b - a scroll of noise {unknown}
 e - 2 scrolls of remove curse {unknown}
 g - a scroll of identify {unknown}
 h - a scroll of teleportation {unknown}
 i - a scroll of fear {unknown}
 m - a scroll of immolation {unknown}
Comestibles
 d - 6 rations


   Skills:
 - Level 1.2(0.0) Fighting
 - Level 2.1(0.8) Dodging
 + Level 4.3(2.9) Unarmed Combat
 - Level 2.1(0.8) Spellcasting
 * Level 3.1(1.7) Transmutations
 + Level 0.5(0.0) Poison Magic


You had 2 spell levels left.
You knew the following spells:

 Your Spells              Type           Power        Failure   Level  Hunger
a - Beastly Appendage     Tmut           #.....       13%         1    ##.....
b - Spider Form           Tmut/Pois      #.........   50%         3    ####...

Your spell library contained the following spells:

 Spells                   Type           Power        Failure   Level  Hunger
 Sticks to Snakes         Tmut           #.......     21%         2    ###....
 Ice Form                 Ice/Tmut       #.......     88%         4    #####..
 Blade Hands              Tmut           #.........   98%         5    ######.


Dungeon Overview and Level Annotations

Branches:
Dungeon (2/15)

Altars:
Sif Muna

Annotations:
D:1 Done


Innate Abilities, Weirdness & Mutations

Shadows flee at your approach. (+LOS)
You can swim through water.
You cover ground slowly.
You can hop short distances.
You have a pair of horns on your head.


Message History

The hound bites you. The hound closely misses you.
You closely miss the hound.
The hound is lightly wounded.
The hound bites you.
You closely miss the hound.
The hound is lightly wounded.
The hound barely misses you. The hound bites you.
You hit the hound.
The hound is moderately wounded.
The hound bites you.
* * * LOW HITPOINT WARNING * * *
All of the chunks of flesh in your inventory have rotted away.
You hit the hound. You headbutt the hound.
The hound is severely wounded.
Your transformation is almost over.
The hound bites you but does no damage. x2
You hit the hound.
The hound is almost dead.
The hound bites you.
You die...

##.## #.# ##...##
#.#
###.....#######.##
.................#
#####.##########.#
#.# #.#
#.##########.#
#.#........#.#
#.#..$.S(..#@#
#.#..8≈≈8..#h#
#.#..≈§§≈..'S#
#.#..≈≈≈≈..'.#
#####.#.?8≈≈8..###
......#.....(..
.####.#....?...
.###..#########
.....)..########


You could see a hound and an adder.

Vanquished Creatures
  An adder (D:2)
  2 worms (D:2)
  A dart slug (D:2)
  A goblin (D:1)
  3 hobgoblins (D:1)
  4 jackals (D:1)
  2 quokkas (D:2)
  A ball python (D:1)
  5 bats
  3 frilled lizards (D:1)
  6 kobolds
  5 rats
34 creatures vanquished.

Notes
Turn   | Place    | Note
-------+----------+-------------------------------------------
     0 | D:1      | Malhgor the Barachi Transmuter began the quest for the Orb.
     0 | D:1      | Reached XP level 1. HP: 15/15 MP: 3/3
   221 | D:1      | Reached XP level 2. HP: 19/21 MP: 3/5
   731 | D:1      | Reached skill level 4 in Unarmed Combat
  1107 | D:2      | Reached XP level 3. HP: 13/26 MP: 6/6
  1525 | D:2      | Learned a level 3 spell: Spider Form
  1566 | D:2      | Found a deep blue altar of Sif Muna.
  1691 | D:2      | Found a faded altar of an unknown god.
  2066 | D:2      | Slain by a hound

Skill      XL: |  1  2  3 |
---------------+----------+-----
Unarmed Combat | 4 |  4.3
Transmutations | 3 |  3.1
Fighting       | |  1.2
Dodging        | |  2.1
Spellcasting   | |  2.1
Poison Magic   | |  0.5

Action                   || total
-------------------------++-------
Melee: Unarmed           ||   115
       Headbutt          ||    15
       Kick              ||     3
Throw: Stone             ||     5
 Cast: Beastly Appendage ||    19
       Spider Form       ||     1
  Eat: Chunk             ||     5
Armor: Robe              ||    17
Dodge: Dodged            ||    68
